AoeStats
← 沉香

Nomad

507961539Analyzed
4v4 RM · 13d ago on Sep 20, 2026· 50m 34s· 8 players
Game mode
Random Map
Map size
231×231
Population
200
Speed
Normal
Resources
Standard
Victory
Conquest
Starting age
Dark Age
Ending age
Imperial Age
RankedLock teamsTeams togetherTeam positionsShared explorationLock speedFull tech treeHidden civsTurbo modeCheats
Victory
Defeat
🇪🇸 Spanish · Spain
1733
+7
🇨🇭 Khitans · Switzerland
1538
+13
🇨🇳 Persians · China
1505
+15
1346
+21
🇨🇳 Magyars · China
1651
-22
🇦🇺 Spanish · Australia
1457
-13
🇨🇳 Bengalis · China
1418
-11
🇭🇰 Huns · Hong Kong SAR China
1382
-10
SaKuRuaba Ema
13:36 Feudal Age
14:28 Loom
17:36 Castle Age
15:24 Fishing Lines
16:04 Double-Bit Axe
16:13 Gold Mining
18:02 Gillnets
18:24 Bow Saw
18:34 Medium Warships
19:26 Padded Archer Armor
22:03 Gold Shaft Mining
21:20 Fletching
23:26 Wheelbarrow
22:36 Town Watch
23:27 Bloodlines
23:38 Husbandry
24:06 Ballistics
23:50 Bodkin Arrow
24:00 Horse Collar
24:34 Husbandry
25:50 Leather Archer Armor
28:20 Thumb Ring
29:44 Parthian Tactics
29:47 Town Watch
30:04 Heavy Plow
34:43 Imperial Age
34:11 Stone Mining
36:06 Ring Archer Armor
35:10 Heavy Cavalry Archer
37:58 Chemistry
37:07 Scale Barding Armor
37:13 Forging
37:40 Stone Shaft Mining
37:48 Guilds
37:24 Cavalier
38:25 Chain Barding Armor
39:41 Iron Casting
40:37 Plate Barding Armor
40:23 Hand Cart
42:00 Blast Furnace
41:26 Savar
43:48 Conscription
46:57 Elite War Elephant
47:28 Light Cavalry
48:46 Devotion
49:04 Hussar
沉香
4:56 Loom
14:15 Feudal Age
15:53 Double-Bit Axe
18:21 Castle Age
16:07 Double-Bit Axe
17:13 Gold Mining
19:28 Medium Warships
20:25 Wheelbarrow
21:22 Bow Saw
27:15 Demolition Ship
29:39 Hand Cart
31:24 Horse Collar
31:35 Stone Mining
35:00 Imperial Age
33:36 Stone Shaft Mining
33:14 Town Watch
34:32 Scale Barding Armor
34:38 Forging
36:16 Chain Barding Armor
35:19 Cavalier
35:59 Husbandry
36:10 Bloodlines
36:50 Heavy Warships
37:45 Plate Barding Armor
37:46 Iron Casting
37:04 Paladin
40:23 Guilds
43:21 Supremacy
44:42 Chemistry
44:02 Ballistics
43:54 Masonry
43:40 Murder Holes
44:52 Blast Furnace
44:49 Fletching
47:49 Bombard Tower
47:16 Capped Ram
49:15 Siege Ram
flowaway4
13:03 Feudal Age
13:27 Loom
14:00 Double-Bit Axe
14:57 Forging
20:59 Castle Age
19:21 Gold Mining
19:18 Loom
21:09 Town Watch
22:00 Wheelbarrow
21:58 Medium Warships
22:29 Iron Casting
24:04 Fletching
26:24 Clinker Construction
27:18 Bodkin Arrow
28:23 Ballistics
28:03 Domestication
29:52 Fishing Lines
32:41 Pastoralism
33:21 Bow Saw
34:02 Guard Tower
35:49 Husbandry
35:56 Scale Barding Armor
38:44 Imperial Age
38:00 Elite Skirmisher
39:12 Thumb Ring
39:09 Padded Archer Armor
39:30 Chain Barding Armor
39:47 Bracer
40:35 Heavy Camel Rider
42:28 Elite Steppe Lancer
48:38 Conscription
49:26 Plate Barding Armor
49:34 Leather Archer Armor
哭稀饭(2125613428)
5:05 Loom
14:05 Feudal Age
18:15 Castle Age
16:28 Gold Mining
16:26 Double-Bit Axe
17:15 Champi Runner
17:41 Arson
17:59 Scale Mail Armor
19:21 Horse Collar
19:07 Champi Warrior
19:51 Squires
20:59 Chain Mail Armor
25:36 Wheelbarrow
25:12 Elite Skirmisher
26:49 Bow Saw
30:59 Forging
31:50 Hand Cart
33:47 Fletching
34:12 Clinker Construction
34:21 Caravan
37:00 Imperial Age
35:10 Careening
37:25 Iron Casting
36:46 Bodkin Arrow
36:49 Stone Mining
37:27 Padded Archer Armor
37:10 Elite Champi Warrior
38:23 Plate Mail Armor
38:02 Bodkin Arrow
39:08 Thumb Ring
39:00 Bodkin Arrow
40:07 Blast Furnace
40:25 Ballistics
40:04 Bodkin Arrow
41:18 Conscription
41:01 Andean Sling
42:56 Chemistry
44:52 Bracer
48:58 Padded Archer Armor
木姜子
14:27 Feudal Age
15:28 Loom
18:59 Castle Age
17:38 Horse Collar
18:25 Double-Bit Axe
28:18 Heavy Plow
28:43 Gold Mining
30:38 Gold Shaft Mining
29:55 Stone Mining
31:33 Fletching
32:52 Thumb Ring
34:05 Wheelbarrow
36:26 Imperial Age
33:43 Loom
34:15 Forging
34:11 Scale Barding Armor
35:21 Ballistics
35:42 Iron Casting
35:06 Bodkin Arrow
35:13 Padded Archer Armor
36:02 Chain Barding Armor
37:20 Leather Archer Armor
37:23 Hand Cart
39:00 Parthian Tactics
39:15 Bracer
38:40 Heavy Cavalry Archer
39:43 Conscription
41:58 Bow Saw
44:05 Husbandry
44:15 Bloodlines
44:03 Cavalier
46:03 Plate Barding Armor
44:55 Light Cavalry
45:36 Hussar
47:21 Blast Furnace
达拉姆大主教
13:07 Feudal Age
16:49 Castle Age
15:17 Double-Bit Axe
15:40 Fishing Lines
17:24 Forging
18:00 Medium Warships
18:08 Loom
18:38 Bow Saw
22:17 Siphons
24:37 Clinker Construction
24:57 Horse Collar
34:08 Wheelbarrow
39:03 Imperial Age
36:36 Gold Mining
37:38 Hand Cart
38:20 Gold Shaft Mining
38:07 Heavy Plow
38:58 Bloodlines
38:40 Fletching
39:14 Ballistics
39:19 Bodkin Arrow
40:58 Chemistry
40:03 Bracer
40:59 Padded Archer Armor
41:23 Paiks
42:01 Leather Archer Armor
41:19 Elite Elephant Archer
44:48 Ring Archer Armor
49:38 Coinage
悠律
13:58 Feudal Age
15:33 Double-Bit Axe
18:15 Castle Age
18:05 Scale Barding Armor
19:29 Bow Saw
20:37 Chain Barding Armor
23:16 Loom
25:52 Husbandry
26:57 Wheelbarrow
27:20 Gold Mining
29:10 Bloodlines
30:53 Town Watch
39:20 Imperial Age
38:41 Hand Cart
39:24 Gold Shaft Mining
38:39 Stone Mining
40:51 Plate Barding Armor
41:00 Elite Magyar Huszar
Noob ai
13:47 Feudal Age
17:19 Castle Age
16:16 Double-Bit Axe
18:47 Bow Saw
18:47 Horse Collar
24:08 Loom
27:36 Padded Archer Armor
29:42 Wheelbarrow
34:29 Imperial Age
33:21 Bloodlines
33:12 Husbandry
33:08 Town Watch
33:40 Leather Archer Armor
33:41 Stone Mining
35:45 Ring Archer Armor
37:09 Heavy Plow
37:52 Elite Conquistador
Connection lost

Rejoining the realm…

Still unreachable

The connection could not be restored.

Session expired

The server has moved on; the page needs a fresh start.